[Event "*** Titled Tuesday Blitz"]
[Site "Chess.com"]
[Date "2018.12.04"]
[Round "1"]
[White "volcanoexplorer"]
[Black "schoolmeester"]
[Result "0-1"]
[WhiteElo "2406"]
[BlackElo "2765"]
[TimeControl "180+2"]
[EndTime "13:06:19 PST"]
[Termination "schoolmeester won by resignation"]

1. e4 d5 2. exd5 Nf6 3. Nc3 Nxd5 4. Nf3 Nxc3 5. bxc3 g6 6. d4 Bg7 7. Bf4 Nd7 8. Be2 b6 9. O-O Bb7 10. a4 a5 11. Qd2 O-O 12. Bh6 Re8 13. c4 e5 14.
Bxg7 Kxg7 15. dxe5 Nxe5 16. Qc3 Qf6 17. Nxe5 Rxe5 18.
Rfe1 Rae8 19. Kf1 Bxg2+ 20. Kxg2 Rg5+ 21. Qg3 Rxg3+ 22. hxg3 Qc3 23. Bd3 Rxe1 0-1

[Event "*** Titled Tuesday Blitz"]
[Site "Chess.com"]
[Date "2018.12.04"]
[Round "1"]
[White "aquaticpineapples"]
[Black "Yurovskykh_Oleksandr"]
[Result "0-1"]
[WhiteElo "2028"]
[BlackElo "2492"]
[TimeControl "180+2"]
[EndTime "13:06:27 PST"]
[Termination "Yurovskykh_Oleksandr won by resignation"]

1. d4 d5 2. Nf3 Nf6 3. e3 c5 4. dxc5 e6 5. a3 Bxc5 6. b4 Be7 7. c4 O-O 8. Nc3 b6 9. Bb2 Bb7 10. Be2 dxc4 11. Bxc4 Nbd7 12. O-O Bxf3 13. Qxf3 Ne5 14. Qe2 Nxc4 15. Qxc4 Qc8 16. Qb3 Qb7 17.
Rac1 Rac8 18. Rfd1 b5 19. Ne2 Nd5 20. Nd4 a6 21.
Kh1 Nb6 22. Rxc8 Rxc8 23. Qd3 Nc4 24. Ba1 Rd8 25. Qb3 Qd7 26. Re1 e5 27. Nf3 f6 28.
h3 Qd3 29. Rb1 Qxb3 30. Rxb3 Rd1+ 31. Kh2 Rxa1 32. Rd3 Rxa3 33. Rd7 Bxb4 0-1

[Event "*** Titled Tuesday Blitz"]
[Site "Chess.com"]
[Date "2018.12.04"]
[Round "1"]
[White "OparinGrigoriy"]
[Black "Muguet7"]
[Result "1-0"]
[WhiteElo "2951"]
[BlackElo "2449"]
[TimeControl "180+2"]
[EndTime "13:06:29 PST"]
[Termination "OparinGrigoriy won by resignation"]

1. c4 e5 2. Nc3 Nf6 3. Nf3 Nc6 4. e3 Bb4 5. Qc2 Bxc3 6. Qxc3 d6 7. b4 O-O 8. Bb2 a5 9. b5 Ne7 10. d3 b6 11. Be2 Bb7 12. O-O Ng6 13.
Rae1 Qd7 14. d4 Rfe8 15. dxe5 dxe5 16. Rd1 Qe6 17. Qc2 Rad8 18. a3 Ne4 19. Rxd8 Rxd8 20. Rd1 Rxd1+ 21. Qxd1 Qd6 22. Qc2 Nc5 23. Nd2 h6 24. f3 Ne7 25. Nf1 Bc8 26. Ng3 Be6 27. Kf2 Nd7 28. Ne4 Bf5 29. Nxd6 Bxc2 30. Ne8 Nc5 31.
Bxe5 Nd3+ 32. Bxd3 Bxd3 33. Bxc7 Bxc4 34. Nd6 Nd5 35.
Nxc4 Nxc7 36. a4 Na8 37. e4 f6 38. h4 Kf7 39. h5 Ke6 40. Ke3 Kd7 41. Kf4 Ke6 42. g3 Ke7 43. Kf5 Kf7 44. f4 Ke7 45.
Kg6 Kf8 46. g4 Kg8 47. e5 fxe5 48. fxe5 Kf8 49. e6 Nc7 50. Kf5 Nd5 51. Ke5 Nf6 52. Nxb6 Nxg4+ 53. Kd6 Nf6 54. Nd7+ Nxd7 55. exd7 1-0

[Event "*** Titled Tuesday Blitz"]
[Site "Chess.com"]
[Date "2018.12.04"]
[Round "1"]
[White "StoreySniper"]
[Black "robbykevlishvili"]
[Result "0-1"]
[WhiteElo "2389"]
[BlackElo "2733"]
[TimeControl "180+2"]
[EndTime "13:06:30 PST"]
[Termination "robbykevlishvili won on time"]

1. g3 d5 2. Bg2 Nf6 3. c4 c6 4. Nf3 Bg4 5. Qb3 Qb6 6. Qxb6 axb6 7. cxd5 Nxd5 8. Nc3 e6 9. O-O Nd7 10. Nxd5 exd5 11. d4 Bd6 12. Bf4 Bxf4 13. gxf4 f6 14. e3 O-O 15. a3 b5 16. Rfc1 Nb6 17. Nd2 Ra7 18. h3 Be6 19. Rc3 Rfa8 20. Re1 Bf7 21. f5 Nc4 22. Nxc4 bxc4 23. e4 b5 24. exd5 cxd5 25.
Rce3 Kf8 26. f4 Rb8 27. Kh2 b4 28. axb4 Rxb4 29. R1e2 Rab7 30. Ra3 Rxb2 31. Ra8+ Rb8 32. Rxb2 Rxa8 33. Rb7 Rc8 34. Rb1 g6 35. Kg3 gxf5 36.
Kf2 Ra8 0-1

[Event "*** Titled Tuesday Blitz"]
[Site "Chess.com"]
[Date "2018.12.04"]
[Round "1"]
[White "Gr3egor"]
[Black "AsaHoffmann"]
[Result "1/2-1/2"]
[WhiteElo "2491"]
[BlackElo "2093"]
[TimeControl "180+2"]
[EndTime "13:06:33 PST"]
[Termination "Game drawn by agreement"]

1. d4 Nf6 2. c4 c5 3. d5 e5 4.
dxe6 fxe6 5. Nc3 d5 6. Bg5 d4 7.
Ne4 Be7 8. Bxf6 Bxf6 9. Nf3 b6 10. g3 Bb7 11. Nfd2 O-O 12. Bg2 Qd7 13. O-O Nc6 14.
f4 Rae8 15. g4 Bd8 16. a3 Bc7 17. Qe1 Bxf4 18. Qh4 h6 19. Kh1 Qe7 20. Qh5 Be3 21.
Nf3 Nd8 22. Ne5 Rxf1+ 23. Rxf1 Rf8 24. Rxf8+ Qxf8 25. Nd7 Qf7 26. Qxf7+ Kxf7 27. Nd6+ Ke7 28. Nxb7 Kxd7 29. Nxd8 Kxd8 30. b3 Ke7 31. Be4 Kf6 32. Kg2 g5 33. Kf3 Ke5 34. h3 Bf4 35. Bd3 a6 36. a4 a5 37. Be4 Bd2 38. Bd3 1/2-1/2

[Event "*** Titled Tuesday Blitz"]
[Site "Chess.com"]
[Date "2018.12.04"]
[Round "1"]
[White "NTDVAN"]
[Black "GreatDamnedRedSpot"]
[Result "1-0"]
[WhiteElo "2645"]
[BlackElo "2321"]
[TimeControl "180+2"]
[EndTime "13:06:38 PST"]
[Termination "NTDVAN won by resignation"]

1. e4 e6 2. d4 d5 3. Nc3 dxe4 4. Nxe4 Bd7 5. Nf3 Bc6 6. Bd3 Nd7 7. O-O Ngf6 8. Ng3 Be7 9. c4 Bxf3 10. Qxf3 c6 11.
b3 O-O 12. Bb2 a5 13. a3 Re8 14. Rad1 Qb6 15. Rfe1 Nf8 16. Bc2 Qa6 17. Nf1 a4 18. bxa4 Qxc4 19. Ne3 Qa6 20. h4 Nd5 21. h5 Nxe3 22. fxe3 Nd7 23. Rf1 Rf8 24. Qe4 g6 25. hxg6 hxg6 26. Qg4 Nf6 27. Qh3 Qb6 28. Bc3 Nh7 29.
Bxg6 Ng5 30. Qh5 Qb3 31. Rd3 1-0

[Event "*** Titled Tuesday Blitz"]
[Site "Chess.com"]
[Date "2018.12.04"]
[Round "1"]
[White "chessking2151"]
[Black "FLchessplayer"]
[Result "1-0"]
[WhiteElo "2564"]
[BlackElo "2199"]
[TimeControl "180+2"]
[EndTime "13:06:38 PST"]
[Termination "chessking2151 won by checkmate"]

1. e4 c5 2. Nf3 d6 3. d4 cxd4 4. Nxd4 Nf6 5. f3 e5 6. Nb3 a6 7.
c4 h6 8. Nc3 Nc6 9. Be3 Be6 10.
Nd5 Be7 11. Bb6 Qc8 12. Nc7+ Kf8 13. Nxa8 Qxa8 14. Be2 Qc8 15. O-O g5 16. Bd3 Kg7 17. Be3 Nb4 18. Be2 Bxc4 19. Rc1 b5 20. Na5 Nxa2 21.
Ra1 Nb4 22. Bxc4 bxc4 23. Rc1 Qe6 24. Rxc4 Rb8 25. Qd2 d5 26. exd5 Nfxd5 27. Bf2 Rb5 28. Nb3 Nf4 29. Rc3 a5 30. Nc5 Bxc5 31. Rxc5 Rxc5 32.
Bxc5 Nfd3 33. Bxb4 Nxb4 34. Re1 f6 35. Rd1 Qb6+ 36.
Kh1 Kg6 37. Qd7 Qf2 38. Qe8+ Kf5 39. Qc8+ Kg6 40. Qg8+ Kf5 41. Qh7+ Kf4 42. Qe4# 1-0

[Event "*** Titled Tuesday Blitz"]
[Site "Chess.com"]
[Date "2018.12.04"]
[Round "1"]
[White "IngOscarArdila"]
[Black "mitrabhaa"]
[Result "0-1"]
[WhiteElo "2233"]
[BlackElo "2584"]
[TimeControl "180+2"]
[EndTime "13:06:42 PST"]
[Termination "mitrabhaa won by resignation"]

1. e4 c6 2. d4 d5 3. exd5 cxd5 4. Nf3 Nf6 5. Be2 g6 6. O-O Bg7 7. c3 O-O 8. Bf4 Nc6 9. Nbd2 Bg4 10. h3 Bxf3 11.
Bxf3 e6 12. Re1 b5 13. Nb3 b4 14. Bg5 bxc3 15. bxc3 Qc7 16. Nc5 Nd7 17. Nxd7 Qxd7 18. Rb1 Rab8 19. Qa4 Qc7 20. Bh4 Rxb1 21. Rxb1 Rc8 22.
Bg3 Qd7 23. Qa6 Nd8 24. Rb5 Bf8 25. Rb3 Rc6 26. Qa4 Bd6 27. Bxd6 Rxd6 28. Qa3 Qc7 29. Qc1 Kg7 30. h4 Rc6 31. Qe3 Nb7 32. h5 Na5 33.
Ra3 Nc4 34. Qc1 Nxa3 35. Qxa3 Rxc3 36. Qb4 Rc1+ 0-1

[Event "*** Titled Tuesday Blitz"]
[Site "Chess.com"]
[Date "2018.12.04"]
[Round "1"]
[White "nurmiTV"]
[Black "Atanejhad"]
[Result "0-1"]
[WhiteElo "2542"]
[BlackElo "2246"]
[TimeControl "180+2"]
[EndTime "13:06:42 PST"]
[Termination "Atanejhad won by resignation"]

1. c4 Nf6 2. Nc3 e6 3. e4 d5 4.
e5 d4 5. exf6 dxc3 6. bxc3 Qxf6 7. Nf3 e5 8. Bd3 Na6 9. Qe2 Bd6 10. O-O O-O 11. h3 Re8 12. Bc2 Bf5 13. d3 Nc5 14.
Ng5 Qg6 15. Ne4 Nxe4 16. dxe4 Bxh3 17. f3 Bc5+ 18. Kh2 Be6 19. g4 h5 20. g5 f6 21. gxf6 Qxf6 22. Rh1 Rf8 23. Kg2 Qf7 24. Bd3 Rad8 25. Be3 Rxd3 26. Bxc5 Qxf3+ 27. Qxf3 Rfxf3 28. Rxh5 Rg3+ 29. Kf2 Rdf3+ 30. Ke1 g5 31. Rh1 Rxc3 32. Bf2 Rg2 33. Rd1 Rc2 34. Rf1 Bxc4 35. Rd8+ Kg7 36.
Rg1 Rcxf2 0-1

[Event "*** Titled Tuesday Blitz"]
[Site "Chess.com"]
[Date "2018.12.04"]
[Round "1"]
[White "m3alam"]
[Black "AndrBaryshpolets"]
[Result "0-1"]
[WhiteElo "2187"]
[BlackElo "2553"]
[TimeControl "180+2"]
[EndTime "13:06:44 PST"]
[Termination "AndrBaryshpolets won on time"]

1. d4 d5 2. Nf3 Nf6 3. c4 e6 4. g3 dxc4 5. Bg2 a6 6. a4 Nc6 7.
O-O Rb8 8. Nc3 Bd6 9. e4 e5 10.
dxe5 Nxe5 11. Nxe5 Bxe5 12. Qxd8+ Kxd8 13. Rd1+ Bd7 14. f4 Bxc3 15. bxc3 Kc8 16. e5 Ng8 17. Rd4 Be6 18. Be3 Nh6 19. Bf2 Nf5 0-1

[Event "*** Titled Tuesday Blitz"]
[Site "Chess.com"]
[Date "2018.12.04"]
[Round "1"]
[White "ddtru"]
[Black "snowlord"]
[Result "0-1"]
[WhiteElo "2336"]
[BlackElo "2650"]
[TimeControl "180+2"]
[EndTime "13:06:46 PST"]
[Termination "snowlord won by resignation"]

1. d4 Nf6 2. Nf3 d6 3. c3 Bf5 4. g3 e6 5. Bg2 c6 6. O-O h6 7.
Nbd2 Be7 8. b3 O-O 9. Bb2 d5 10. Re1 a5 11. Nh4 Bh7 12. e3 a4 13. Qe2 a3 14.
Bc1 c5 15. dxc5 Bxc5 16. e4 Nc6 17. e5 Nd7 18. Nhf3 d4 19. Ne4 dxc3 20. Nxc3 Ndxe5 21.
Nxe5 Nxe5 22. Bxb7 Nd3 23. Be3 Bxe3 24. fxe3 Nxe1 25. Bxa8 Nc2 26. Rc1 Qxa8 27. Rxc2 Bxc2 28. Qxc2 Rc8 29. Qd2 Qa5 0-1

[Event "*** Titled Tuesday Blitz"]
[Site "Chess.com"]
[Date "2018.12.04"]
[Round "1"]
[White "Alexander_Moskalenko"]
[Black "biostatistician"]
[Result "1-0"]
[WhiteElo "2851"]
[BlackElo "2443"]
[TimeControl "180+2"]
[EndTime "13:06:47 PST"]
[Termination "Alexander_Moskalenko won by resignation"]

1. d4 Nf6 2. c4 g6 3. g3 Bg7 4.
Bg2 O-O 5. Nc3 c5 6. d5 d6 7. Nf3 e5 8. O-O Nh5 9. e4 Na6 10. a3 Bd7 11. Rb1 Nc7 12. b4 b6 13.
Bd2 Qe7 14. bxc5 bxc5 15. Rb7 Bc8 16. Rb2 f5 17. exf5 Bxf5 18. Rb7 Bc8 19. Rb2 Nf6 20.
Ng5 Ba6 21. Qa4 Rab8 22. Rfb1 Rxb2 23. Rxb2 e4 24. Rb1 Bc8 25. Ngxe4 Nxe4 26. Nxe4 Bf5 27. Re1 Bxe4 28. Rxe4 Qf6 29. Rf4 Qa1+ 30. Bf1 Rxf4 31. Bxf4 Bd4 32. Qd7 Qb2 33. Qd8+ Kf7 34. Qxc7+ 1-0

[Event "*** Titled Tuesday Blitz"]
[Site "Chess.com"]
[Date "2018.12.04"]
[Round "1"]
[White "Laico"]
[Black "eldur16"]
[Result "0-1"]
[WhiteElo "2258"]
[BlackElo "2601"]
[TimeControl "180+2"]
[EndTime "13:06:48 PST"]
[Termination "eldur16 won by resignation"]

1. e4 g6 2. d4 Bg7 3. Nf3 d6 4. Nc3 a6 5. a4 b6 6. Be2 Nd7 7. Be3 Bb7 8. O-O Ngf6 9. Nd2 e5 10. dxe5 dxe5 11. f3 Qe7 12. Bc4 O-O 13. Qe2 c6 14.
Bg5 b5 15. axb5 axb5 16. Bb3 Nc5 17. Rfd1 h6 18. Bh4 b4 19. Na4 Ba6 20. Qe3 Nxb3 21. Nxb3 Bb5 22. Nac5 Bc4 23. Qe1 Bxb3 24. Nxb3 Qb7 25.
Nc5 Qb5 26. Qf2 Rfe8 27. h3 Nh5 28. Nd3 g5 29. Bg3 Nf4 30. Bxf4 exf4 31. b3 Rxa1 32. Rxa1 Bxa1 0-1

[Event "*** Titled Tuesday Blitz"]
[Site "Chess.com"]
[Date "2018.12.04"]
[Round "1"]
[White "penguingm1"]
[Black "arctic_t00"]
[Result "1-0"]
[WhiteElo "2772"]
[BlackElo "2405"]
[TimeControl "180+2"]
[EndTime "13:06:49 PST"]
[Termination "penguingm1 won by resignation"]

1. d4 Nf6 2. c4 g6 3. f3 Bg7 4. e4 d6 5. Nc3 O-O 6. Nge2 a6 7. Be3 Nbd7 8. Qd2 c5 9. dxc5 dxc5 10. Rd1 Qc7 11. Bf4 Ne5 12. Nc1 e6 13. Be2 Nh5 14. Be3 b6 15. f4 Nc6 16. Bxh5 gxh5 17.
O-O Nd4 18. Qf2 f5 19. e5 Bb7 20. N1e2 Nxe2+ 21. Qxe2 h4 22. Rd6 h3 23. Rxe6 Bxg2 24. Rd1 b5 25. Nd5 Qf7 26. Rd6 bxc4 27. e6 Qg6 28. Ne7+ Kh8 29. Nxg6+ hxg6 30. e7 Rfe8 31. Bxc5 1-0

[Event "*** Titled Tuesday Blitz"]
[Site "Chess.com"]
[Date "2018.12.04"]
[Round "1"]
[White "Samuray111"]
[Black "Kawhi_Leonard2"]
[Result "1-0"]
[WhiteElo "2603"]
[BlackElo "2270"]
[TimeControl "180+2"]
[EndTime "13:06:49 PST"]
[Termination "Samuray111 won by resignation"]

1. Nf3 Nf6 2. c4 e6 3. e3 d5 4. b3 c5 5. Bb2 Nc6 6. cxd5 Nxd5 7. Be2 b6 8. O-O Bb7 9. Nc3 Be7 10. Nxd5 Qxd5 11.
d4 Bf6 12. Bc4 Qh5 13. Ne5 Qxd1 14. Rfxd1 cxd4 15. Nxc6 Bxc6 16. Bxd4 Bxd4 17. Rxd4 Rd8 18. Rad1 Rxd4 19. Rxd4 Ke7 20. Kf1 Rd8 21. Rxd8 Kxd8 22.
g3 Ke7 23. Ke2 Kd6 24. b4 a5 25. a3 axb4 26. axb4 f6 27. Kd3 e5 28. Bg8 h6 29. h4 g5 30. Bc4 gxh4 31. gxh4 f5 32.
f4 exf4 33. exf4 Be4+ 34. Kd4 Bb1 35. Bb3 Be4 36. Bd1 Kc6 37. Be2 Kd6 38. Bb5 Bb1 39. Be8 Bc2 40. Kc4 Ke7 41. Bg6 Kd6 42. Kb5 Kc7 43.
Kc4 Kd6 44. Bh7 Bb1 45. Bg6 Bc2 46. Kb5 Kc7 47. Bf7 Bd3+ 48. Ka4 Bc2+ 49. Ka3 Kc6 50. Kb2 Be4 51. Kc3 Kd6 52. Bc4 Kc6 53. Kd4 Bb1 54.
Ke5 Be4 55. Kf6 b5 56. Bf7 Bd5 57. Be8+ 1-0

[Event "*** Titled Tuesday Blitz"]
[Site "Chess.com"]
[Date "2018.12.04"]
[Round "1"]
[White "51616516516"]
[Black "alpasya2009"]
[Result "1/2-1/2"]
[WhiteElo "2249"]
[BlackElo "2567"]
[TimeControl "180+2"]
[EndTime "13:06:54 PST"]
[Termination "Game drawn by repetition"]

1. d4 d6 2. Nf3 Nf6 3. c4 g6 4. Nc3 Bg7 5. e4 O-O 6. Be2 e5 7. O-O Nc6 8. d5 Ne7 9. Nd2 Nd7 10. b4 a5 11. bxa5 Rxa5 12. Nb3 Ra8 13. a4 f5 14. Ba3 b6 15. a5 bxa5 16. c5 Nf6 17.
f3 Bh6 18. Kh1 fxe4 19. fxe4 Be3 20. Nb5 Nxe4 21. cxd6 cxd6 22. Qd3 Rxf1+ 23. Rxf1 Nf2+ 24. Rxf2 Bxf2 25. Nxd6 Ba6 26. Qf3 Bxe2 27. Qf7+ Kh8 28. Qf6+ Kg8 29. Qf7+ Kh8 30. Qf6+ Kg8 31. Qf7+ Kh8 32.
Qf6+ Kg8 33. Qf7+ Kh8 34. Qf6+ Kg8 35. Qf7+ 1/2-1/2

[Event "*** Titled Tuesday Blitz"]
[Site "Chess.com"]
[Date "2018.12.04"]
[Round "1"]
[White "Dare-Dare"]
[Black "GMMatamoros"]
[Result "0-1"]
[WhiteElo "2128"]
[BlackElo "2524"]
[TimeControl "180+2"]
[EndTime "13:06:54 PST"]
[Termination "GMMatamoros won by checkmate"]

1. Nf3 Nf6 2. c4 g6 3. Nc3 Bg7 4. e4 d6 5. d4 O-O 6. h3 e5 7. d5 a5 8. Be2 Na6 9. Be3 Nd7 10. g4 Ndc5 11. g5 f5 12. gxf6 Qxf6 13.
Qd2 Bd7 14. O-O-O Na4 15. Nxa4 Bxa4 16. Rdg1 Nc5 17. Bxc5 dxc5 18. h4 Qf4 19. h5 Qxe4 20. hxg6 Rxf3 21. gxh7+ Kh8 22. Rxg7 Kxg7 23. Bxf3 Qxf3 24.
h8=Q+ Rxh8 25. Qg5+ Kf7 26. Rxh8 Qd1# 0-1

[Event "*** Titled Tuesday Blitz"]
[Site "Chess.com"]
[Date "2018.12.04"]
[Round "1"]
[White "Mykola-Bortnyk"]
[Black "Yeytruyol"]
[Result "1-0"]
[WhiteElo "2833"]
[BlackElo "2429"]
[TimeControl "180+2"]
[EndTime "13:06:58 PST"]
[Termination "Mykola-Bortnyk won by resignation"]

1. e4 e5 2. Nf3 f5 3. exf5 e4 4.
Nd4 Qf6 5. Nb5 Qe5 6. Qe2 Kd8 7. d4 Qxf5 8. c4 a6 9. N5c3 Nc6 10. Be3 Nf6 11. h3 d5 12. cxd5 Nb4 13. g4 Qg6 14. Bg2 Nd3+ 15. Kf1 Bd6 16. Nd2 Nf4 17. Bxf4 Bxf4 18.
Ndxe4 Nxe4 19. Bxe4 Qf6 20. Qd3 h5 21. Rg1 hxg4 22.
hxg4 Rh2 23. Qf3 g5 24. Ne2 Qd6 25. Nxf4 gxf4 26. Rh1 Rxh1+ 27. Qxh1 Qb4 28. Qh8+ Ke7 29. Qg7+ Ke8 30. Bg6+ Kd8 31. Qg8+ Ke7 32. Qf7+ Kd6 33. Qf8+ 1-0

[Event "*** Titled Tuesday Blitz"]
[Site "Chess.com"]
[Date "2018.12.04"]
[Round "1"]
[White "vinniethepooh"]
[Black "dretch"]
[Result "0-1"]
[WhiteElo "2417"]
[BlackElo "2803"]
[TimeControl "180+2"]
[EndTime "13:06:59 PST"]
[Termination "dretch won by resignation"]

1. d4 d5 2. c4 c6 3. Nc3 dxc4 4. e3 b5 5. a4 b4 6. Na2 e6 7.
Bxc4 Nf6 8. Ne2 Bb7 9. O-O Nbd7 10.
Bd2 a5 11. b3 Bd6 12. h3 O-O 13. Nac1 Nb6 14. Bd3 c5 15. Bb5 Ne4 16. Be1 Qg5 17. f3 Qxe3+ 18. Kh1 Nc3 19. Bxc3 bxc3 20. Qd3 cxd4 21.
Qxd4 Qxd4 22. Nxd4 Rac8 23. Nce2 Rfd8 24. Nc2 Be7 25.
Rfd1 Rd2 26. Ne3 Bb4 27. Rxd2 cxd2 28. Rd1 Bd5 29. Nxd5 Nxd5 30. Ba6 Rc7 0-1

[Event "*** Titled Tuesday Blitz"]
[Site "Chess.com"]
[Date "2018.12.04"]
[Round "1"]
[White "Alex_Terzi"]
[Black "LyonBeast"]
[Result "0-1"]
[WhiteElo "2444"]
[BlackElo "2911"]
[TimeControl "180+2"]
[EndTime "13:07:00 PST"]
[Termination "LyonBeast won by resignation"]

1. e4 c6 2. d4 d5 3. Nc3 dxe4 4. Nxe4 Nd7 5. Nf3 Ngf6 6. Ng3 e6 7. Be2 c5 8. O-O Qc7 9. Re1 a6 10. a4 Be7 11. c4 cxd4 12. Nxd4 O-O 13. Qc2 Bb4 14. Rd1 Rd8 15. Bf1 Nc5 16. Bg5 Qe7 17. Nh5 Nce4 18. Nxf6+ Nxf6 19. Nf3 Bd7 20. Ne5 h6 21.
Bxf6 gxf6 22. Nxd7 Rxd7 23. Rxd7 Qxd7 24. Rd1 Qc6 25.
Qb3 Bf8 26. g3 Rb8 27. Bg2 Qc5 28. Qc3 f5 29. b4 Qxb4 30. Qxb4 Bxb4 31. Rd7 b6 32.
Bb7 a5 33. Rc7 Kg7 34. Bf3 Kg6 35. g4 fxg4 36. Bxg4 Rd8 37. Kg2 Bc5 38. f3 Rd2+ 39.
Kg3 Bd6+ 0-1

[Event "*** Titled Tuesday Blitz"]
[Site "Chess.com"]
[Date "2018.12.04"]
[Round "1"]
[White "gkchesstiger"]
[Black "NeverEverForever1990"]
[Result "1-0"]
[WhiteElo "2802"]
[BlackElo "2416"]
[TimeControl "180+2"]
[EndTime "13:07:00 PST"]
[Termination "gkchesstiger won by resignation"]

1. d4 Nf6 2. Nf3 e6 3. Bf4 d5 4. e3 c5 5. Nbd2 Nc6 6. c3 Bd6 7. Bg3 Be7 8. Ne5 Nxe5 9. dxe5 Nd7 10. h4 f6 11. Qg4 Nxe5 12. Qxg7 Ng6 13. Bd3 f5 14.
Qh6 Bd7 15. Nf3 Qb6 16. Rb1 c4 17. Be2 Bf6 18. O-O Kf7 19. h5 Bg7 20. hxg6+ hxg6 21. Qf4 Bf6 22. Ne5+ Bxe5 23. Qxe5 Rh7 24.
f3 Rah8 25. Kf2 Qa6 26. b3 Qxa2 27. bxc4 Bc6 28. cxd5 Bxd5 29. c4 Bc6 30. Rfd1 g5 31. Rd6 Re8 32. Rxc6 Qxb1 33. Rc7+ Re7 34. Rxe7+ Kxe7 35.
Qc7+ 1-0

[Event "*** Titled Tuesday Blitz"]
[Site "Chess.com"]
[Date "2018.12.04"]
[Round "1"]
[White "jncool68"]
[Black "BvsN"]
[Result "1-0"]
[WhiteElo "2628"]
[BlackElo "2290"]
[TimeControl "180+2"]
[EndTime "13:07:00 PST"]
[Termination "jncool68 won by checkmate"]

1. e4 c5 2. Nf3 e6 3. d4 cxd4 4. Nxd4 a6 5. Be2 b5 6. O-O Bb7 7. c4 b4 8. Nd2 Nc6 9. Nxc6 Bxc6 10. b3 Be7 11. Bb2 Bf6 12. e5 Be7 13. Bf3 Qc7 14. Ne4 Bxe4 15. Bxe4 Rd8 16. Qg4 g6 17. Rad1 h5 18.
Qg3 Nh6 19. Rd3 h4 20. Qf3 Nf5 21. Rfd1 Bc5 22. h3 Rh5 23. Qf4 Ng3 24. Bf3 Rh7 25.
Bd4 Bxd4 26. Qxd4 Nf5 27. Qf4 Qc5 28. Be4 Rh5 29. Bxf5 gxf5 30. Rd6 Ke7 31. Rxa6 Qc7 32. Rad6 Qb7 33. c5 Rhh8 34. c6 Qa8 35. Qg5+ Kf8 36. Rxd7 Re8 37. Rxf7+ Kxf7 38. Rd7+ Re7 39. Rxe7+ Kf8 40. Qg7# 1-0

[Event "*** Titled Tuesday Blitz"]
[Site "Chess.com"]
[Date "2018.12.04"]
[Round "1"]
[White "matiss90"]
[Black "GABUZYAN_CHESSMOOD"]
[Result "0-1"]
[WhiteElo "2419"]
[BlackElo "2808"]
[TimeControl "180+2"]
[EndTime "13:07:03 PST"]
[Termination "GABUZYAN_CHESSMOOD won by resignation"]

1. e4 c5 2. Nf3 d6 3. d4 cxd4 4. Nxd4 Nf6 5. Nc3 a6 6. Bc4 e6 7. Bb3 Nc6 8. Be3 Be7 9. Qe2 Nxd4 10. Bxd4 b5 11. O-O-O O-O 12. f3 Qc7 13. g4 Bd7 14.
h4 Rfb8 15. h5 h6 16. f4 Nh7 17. g5 hxg5 18. f5 a5 19. h6 g6 20. fxg6 fxg6 21. Nd5 Qd8 22. a3 b4 23. a4 Bxa4 24. Bxa4 exd5 25.
Bb3 Bf6 26. Bxd5+ Kh8 27. e5 dxe5 28. Bxe5 Ra7 29. Rhf1 Rb6 30. Bb3 Qe7 31. Rxf6 Nxf6 32.
Qc4 Qxe5 33. h7 Qf4+ 0-1

[Event "*** Titled Tuesday Blitz"]
[Site "Chess.com"]
[Date "2018.12.04"]
[Round "1"]
[White "VitaliyBernadskiy"]
[Black "evgenyermolaev"]
[Result "0-1"]
[WhiteElo "2713"]
[BlackElo "2411"]
[TimeControl "180+2"]
[EndTime "13:07:05 PST"]
[Termination "evgenyermolaev won by resignation"]

1. d4 Nf6 2. Nf3 c5 3. c3 e6 4. Bf4 b6 5. e3 Be7 6. Nbd2 O-O 7. h3 d6 8. Bd3 Ba6 9. Bxa6 Nxa6 10. Qe2 Nc7 11. e4 d5 12. e5 Nd7 13. O-O c4 14. Nh2 b5 15. Qg4 Kh8 16. Ndf3 a5 17.
Rfe1 b4 18. Re3 a4 19. a3 bxa3 20. bxa3 Nb5 21. Ng5 h6 22. Ngf3 Nxa3 23. Qh5 Nc2 24.
Ng4 Nxe3 25. fxe3 f5 26. Nxh6 Qe8 27. Nf7+ Kg8 28. Nh6+ gxh6 29. Qxh6 Qf7 30. g4 Ra6 31.
Kh2 Qh7 32. gxf5 Qxh6 33. Bxh6 Rxf5 34. Rg1+ Kf7 35. Rg7+ Ke8 36. Ng5 Bf8 37. Rg8 a3 38. Nh7 a2 39. Nf6+ Rxf6 40. exf6 a1=Q 0-1

[Event "*** Titled Tuesday Blitz"]
[Site "Chess.com"]
[Date "2018.12.04"]
[Round "1"]
[White "Frolik67"]
[Black "catalin009"]
[Result "1-0"]
[WhiteElo "2651"]
[BlackElo "2338"]
[TimeControl "180+2"]
[EndTime "13:07:06 PST"]
[Termination "Frolik67 won by resignation"]

1. e4 c5 2. Nf3 Nc6 3. Bb5 g6 4. O-O Bg7 5. c3 Nf6 6. Re1 O-O 7. d3 d6 8. h3 e5 9. Na3 Ne7 10. d4 Nd7 11. Nc4 Qc7 12. dxe5 dxe5 13. Bxd7 Bxd7 14. Nfxe5 Be6 15. Bf4 Bxc4 16. Nxg6 Qd8 17. Qxd8 Rfxd8 18. Nxe7+ Kf8 19. Nf5 Bf6 20. Rad1 Bxa2 21. Bd6+ Ke8 22. Bxc5 b6 23. Bd4 Bxd4 24. cxd4 a5 25. d5 b5 26. d6 a4 27. e5 b4 28. Nd4 a3 29. b3 Rdc8 30. Re2 Bxb3 31. Nxb3 Rc3 32. Nd4 b3 33. Nb5 Rc5 34. Nc7+ Rxc7 35. dxc7 a2 36. Kh2 Rc8 37. Rb2 Rxc7 38. Rxb3 Ra7 39. Ra1 1-0

[Event "*** Titled Tuesday Blitz"]
[Site "Chess.com"]
[Date "2018.12.04"]
[Round "1"]
[White "SCIM"]
[Black "TigranLPetrosyan"]
[Result "0-1"]
[WhiteElo "2424"]
[BlackElo "2816"]
[TimeControl "180+2"]
[EndTime "13:07:07 PST"]
[Termination "TigranLPetrosyan won by resignation"]

1. d4 g6 2. c4 Bg7 3. Nc3 d6 4. e4 Nf6 5. f3 O-O 6. Bg5 Nc6 7. Nge2 e5 8. d5 Ne7 9. Qd2 a6 10. g4 c5 11. Ng3 Ne8 12. h4 f6 13.
Be3 f5 14. gxf5 gxf5 15. Nh5 f4 16. Bf2 Bh6 17. O-O-O Ng6 18. Bh3 Bxh3 19. Rxh3 Qd7 20.
Rh2 b5 21. Rg1 Kh8 22. Rhg2 b4 23. Nd1 Qf7 24. Be1 a5 25. Kb1 a4 26. Rh1 a3 27.
b3 Rg8 28. Nf2 Ne7 29. Rxg8+ Nxg8 30. Ng4 Qxh5 31. Bf2 Nef6 0-1

[Event "*** Titled Tuesday Blitz"]
[Site "Chess.com"]
[Date "2018.12.04"]
[Round "1"]
[White "Timerkhanov"]
[Black "FranciscodelaF"]
[Result "1-0"]
[WhiteElo "2646"]
[BlackElo "2327"]
[TimeControl "180+2"]
[EndTime "13:07:07 PST"]
[Termination "Timerkhanov won by resignation"]

1. d4 d5 2. c4 c6 3. Nf3 Nf6 4. Nbd2 a6 5. b3 Bf5 6. Bb2 Nbd7 7. e3 e6 8. Be2 b5 9. O-O Bd6 10. a4 bxa4 11. Rxa4 O-O 12. Qa1 a5 13. Bc3 Bc7 14. h3 Ne4 15. Nxe4 Bxe4 16. Nd2 Bg6 17. Qa3 Nb6 18. Rxa5 Nxc4 19. Nxc4 dxc4 20. Rxa8 Qxa8 21.
Qxa8 Rxa8 22. Bxc4 Ra2 23. Ra1 Rxa1+ 24. Bxa1 Kf8 25.
Kf1 Ke7 26. Ke2 f5 27. f4 Bd6 28. Bc3 Be8 29. Kd3 Bh5 30. Ba5 Kd7 31. Bb6 Bd1 32.
Bc5 Bc7 33. b4 Ba4 34. g3 Bb5 35. h4 h5 36. Bf8 g6 37. Bc5 Bd8 38. Kc3 Bc7 39.
Bb3 Bd8 40. Bc2 Bc7 41. e4 Bd8 42. exf5 exf5 43. Bb3 Be2 44. Bf7 Bg4 45. Bxg6 Ke6 46. Be8 Bf3 47. Kd3 Be7 48. Ke3 Bxc5 49. dxc5 Ke7 50.
Kxf3 Kxe8 51. Ke3 Kd7 52. Kd4 Ke6 53. Kc4 Ke7 54. b5 1-0

[Event "*** Titled Tuesday Blitz"]
[Site "Chess.com"]
[Date "2018.12.04"]
[Round "1"]
[White "Hydrargyrum_Girl"]
[Black "artichaud"]
[Result "1-0"]
[WhiteElo "2523"]
[BlackElo "2134"]
[TimeControl "180+2"]
[EndTime "13:07:07 PST"]
[Termination "Hydrargyrum_Girl won by resignation"]

1. e4 e6 2. d4 d5 3. Nd2 Nc6 4. Ngf3 Nf6 5. e5 Nd7 6. Nb3 a5 7. a4 b6 8. h4 Bb7 9. h5 h6 10. g4 Be7 11. c3 Qc8 12. Rg1 Ba6 13. g5 Bxf1 14. Kxf1 Qa6+ 15. Qe2 Qxe2+ 16. Kxe2 hxg5 17. Bxg5 Rxh5 18. Bxe7 Kxe7 19. Rxg7 Rah8 20. Rag1 Nf8 21. Ng5 Nd8 22. Nc1 Rh1 23. Nf3 Rxg1 24. Rxg1 Ng6 25.
Nd3 Nb7 26. b4 Ra8 27. b5 Rc8 28. Rh1 Rh8 29. Rg1 Nd8 30. Nfe1 Rh3 31. Nc2 Kd7 32. Ne3 c6 33. Ng4 cxb5 34. axb5 Ke7 35. Rc1 Rh4 36. Nf6 Nb7 37. f3 Nd8 38. Ng4 Nb7 39. c4 Nd8 40.
c5 bxc5 41. dxc5 Kd7 42. Ra1 1-0